 Dungeon Crawl Stone Soup version 0.23.1 (webtiles) character file.

Game seed: 12398224587982994996

15079 Peloso the Carver (level 11, -19/97 HPs)
             Began as a Minotaur Fighter on Mar 2, 2019.
             Was a High Priest of Okawaru.
             Demolished by an alligator simulacrum (35 damage)
             ... in an ice cave.
             The game lasted 00:22:27 (11590 turns).

Peloso the Carver (Minotaur Fighter)               Turns: 11590, Time: 00:22:27

Health: -19/97     AC: 20    Str: 23    XL:     11   Next: 97%
Magic:  10/10      EV:  8    Int:  5    God:    Okawaru [*****.]
Gold:   593        SH: 13    Dex: 11    Spells: 10/10 levels left

rFire    . . .     SeeInvis .   a - +5 falchion
rCold    . . .     Gourm    .   c - +0 shield
rNeg     . . .     Faith    .   t - +1 plate armour
rPois    +         Spirit   .   (helmet restricted)
rElec    .         Reflect  .   m - +0 cloak
rCorr    .         Harm     .   e - +1 pair of gloves
MR       +....                  (no boots)
Stlth    ..........             (no amulet)
HPRegen  0.26/turn              h - ring of protection from magic
MPRegen  0.12/turn              H - ring of poison resistance

@: no status effects
A: retaliatory headbutt, horns 2
a: Heroism, Finesse, Renounce Religion


You were in an ice cave.
You worshipped Okawaru.
Okawaru was extremely pleased with you.
You were hungry.

You visited 2 branches of the dungeon, and saw 12 of its levels.
You also visited: Ice Cave.

You collected 593 gold pieces.

Inventory:

Hand Weapons
 a - a +5 falchion (weapon)
 y - a +0 whip of flaming
Armour
 b - a +0 scale mail
 c - a +0 shield (worn)
 d - a +2 chain mail of magic resistance
 e - a +1 pair of gloves (worn)
 m - a +0 cloak (worn)
 t - a +1 plate armour (worn)
Jewellery
 h - a ring of protection from magic (left hand)
 n - an uncursed ring of fire
 B - an uncursed ring of stealth
 H - a ring of poison resistance (right hand)
 I - an uncursed amulet of harm
Wands
 j - a wand of digging (18)
 E - a wand of flame (15)
 L - a wand of polymorph (11)
Scrolls
 g - 4 scrolls of remove curse
 k - 2 scrolls of enchant armour
 l - 5 scrolls of identify
 p - 2 scrolls of blinking
 r - 3 scrolls of magic mapping
 v - 4 scrolls of amnesia {unknown}
 z - 2 scrolls of fear {unknown}
 C - 2 scrolls of teleportation {unknown}
 F - a scroll of random uselessness {unknown}
 G - a scroll of enchant weapon {unknown}
 J - a scroll of fog {unknown}
 M - a scroll of summoning {unknown}
Potions
 i - a potion of resistance
 o - 2 potions of flight
 q - 5 potions of brilliance
 s - 2 potions of cancellation
 u - a potion of magic
 w - 3 potions of curing
 x - 2 potions of mutation
 A - a potion of berserk rage {unknown}
 D - a potion of agility {unknown}
 K - a potion of might
Comestibles
 f - 25 rations
 N - 6 chunks of flesh


   Skills:
 + Level 9.3 Fighting
 + Level 12.9 Long Blades
 + Level 12.0 Armour
 + Level 2.7 Dodging
 + Level 1.1 Stealth
 + Level 12.5 Shields
 + Level 0.1 Invocations


You had 10 spell levels left.
You didn't know any spells.
Your spell library contained the following spells:

 Spells                   Type           Power        Failure   Level  Hunger
 Corona                   Hex            #......      100%        1    ##.....
 Magic Dart               Conj           #...         100%        1    ##.....
 Blink                    Tloc           N/A          100%        2    ###....
 Call Imp                 Summ           #.......     100%        2    ###....
 Slow                     Hex            #.......     100%        2    ###....
 Conjure Flame            Conj/Fire      #.......     100%        3    ####...
 Inner Flame              Hex/Fire       #.......     100%        3    ####...
 Mephitic Cloud           Conj/Pois/Air  #.......     100%        3    ####...
 Portal Projectile        Hex/Tloc       #.....       100%        3    ####...
 Cause Fear               Hex            #.........   100%        4    #####..
 Leda's Liquefaction      Hex/Erth       #.........   100%        4    #####..
 Bolt of Magma            Conj/Fire/Erth #.........   100%        5    ######.
 Iskenderun's Battlesphe  Conj/Chrm      #.......     100%        5    ######.
 Venom Bolt               Conj/Pois      #.........   100%        5    ######.
 Iron Shot                Conj/Erth      #.........   100%        6    #######
 Orb of Destruction       Conj           #.........   100%        7    #######
 Spellforged Servitor     Conj/Summ      #.........   100%        7    #######


Dungeon Overview and Level Annotations

Branches:
Dungeon (11/15)            Temple (1/1) D:5            Lair (0/6) D:8
    Orc (0/2) D:11

Altars:
Ashenzari
Cheibriados
Dithmenos
Elyvilon
Fedhas
Gozag
Hepliaklqana
Kikubaaqudgha
Makhleb
Nemelex Xobeh
Okawaru
Qazlal
Ru
Sif Muna
Trog
Uskayaw
Vehumet
Wu Jian
Xom
Yredelemnul
Zin
The Shining One
Lugonu

Shops:
D:5 :   D:6 (


Innate Abilities, Weirdness & Mutations

You reflexively headbutt those who attack you in melee.
You have a pair of horns on your head.


Message History

You slash the elephant simulacrum!
The elephant simulacrum is heavily damaged.
You block the elephant simulacrum's attack.
The elephant simulacrum trunk-slaps you but does no damage.
Unknown command.
You slash the elephant simulacrum!
You headbutt the elephant simulacrum, but do no damage.
The elephant simulacrum is almost destroyed.
You block the alligator simulacrum's attack.
The alligator simulacrum tail-slaps you but does no damage.
Unknown command.
You slash the elephant simulacrum!
The elephant simulacrum vapourises!
Okawaru accepts your kill. The alligator simulacrum bites you!
The alligator simulacrum freezes you!!
* * * LOW HITPOINT WARNING * * *
The alligator simulacrum tail-slaps you.
* * * LOW HITPOINT WARNING * * *
The alligator simulacrum freezes you!!
You die...

#### ##.@##
##
##..☼Z##.Z##
#..........#
#.∩.∩.......
#.......##..
##....### .
##..## ####


You could see an alligator simulacrum.

Vanquished Creatures
  3 two-headed ogres
  2 unseen horrors (D:10)
  Pikel (D:5)
  2 rime drakes (D:11)
  2 hornets
  2 trolls (D:9)
  5 hippogriffs
  Sigmund (D:2)
  A wyvern (D:7)
  The ghost of Gargoyl the Skirmisher, an amateur CeAK of Lugonu (D:5)
  21 yaks
  2 humans (D:7)
  A hungry ghost (D:10)
  Menkaure (D:4)
  A death yak simulacrum (IceCv)
  A steam dragon (D:9)
  2 wargs (D:8)
  Edmund (D:4)
  A soldier ant (D:8)
  2 black bears
  2 ice beasts
  2 orc warriors (D:8)
  4 sky beasts
  A phantom (D:10)
  A slave (D:5)
  7 ogres
  2 necrophages (D:9)
  4 centaurs
  Blork the orc (D:6)
  A big kobold (D:8)
  4 bullfrogs
  2 scorpions
  3 killer bees (D:7)
  An elephant simulacrum (IceCv)
  12 wights
  A bullfrog zombie (D:9)
  5 crimson imps
  A quasit (D:9)
  5 orc priests (D:8)
  6 jellies
  A hound (D:6)
  A bullfrog skeleton (D:8)
  3 centaur skeletons
  4 iguanas
  Jessica (D:2)
  9 orc wizards
  6 worker ants
  A polar bear simulacrum (IceCv)
  4 gnolls (D:6)
  11 adders
  6 shadow imps
  An ooze (D:1)
  2 adder skeletons
  3 worms
  3 dart slugs
  2 leopard geckos (D:3)
  25 orcs
  A ball python (D:3)
  9 giant cockroaches
  5 goblins
  12 hobgoblins
  5 jackals
  2 quokkas
  8 bats
  6 frilled lizards
  A jackal skeleton (D:6)
  15 kobolds
  A leopard gecko zombie (D:3)
  A quokka skeleton (D:6)
  5 rats
272 creatures vanquished.

Vanquished Creatures (others)
  An orc wizard (D:5)
  An orc (D:5)
  A quokka (D:5)
3 creatures vanquished.

Grand Total: 275 creatures vanquished

Notes
Turn   | Place    | Note
-------+----------+-------------------------------------------
     0 | D:1      | Peloso the Minotaur Fighter began the quest for the Orb.
     0 | D:1      | Reached XP level 1. HP: 19/19 MP: 0/0
   112 | D:1      | Reached XP level 2. HP: 26/27 MP: 1/1
   270 | D:1      | Reached XP level 3. HP: 12/33 MP: 2/2
   705 | D:2      | Found a shadowy altar of Dithmenos.
   860 | D:2      | Noticed Jessica
   866 | D:2      | Killed Jessica
   866 | D:2      | Reached XP level 4. HP: 27/40 MP: 3/3
  1199 | D:2      | Noticed Sigmund
  1207 | D:2      | Killed Sigmund
  1207 | D:2      | Reached skill level 5 in Long Blades
  1207 | D:2      | Reached skill level 1 in Dodging
  1207 | D:2      | Reached XP level 5. HP: 26/47 MP: 4/4
  1207 | D:2      | Reached XP level 6. HP: 29/53 MP: 5/5
  1280 | D:2      | Found a shimmering altar of Xom.
  1282 | D:2      | Found a deep blue altar of Sif Muna.
  1282 | D:2      | Found an iron altar of Okawaru.
  1284 | D:2      | Found a stormy altar of Qazlal.
  1284 | D:2      | Found a stormy altar of Qazlal.
  1284 | D:2      | Found a shimmering altar of Xom.
  1498 | D:3      | Reached skill level 5 in Armour
  1536 | D:3      | Reached skill level 5 in Shields
  1674 | D:3      | Found a sacrificial altar of Ru.
  2279 | D:4      | Found a blossoming altar of Fedhas.
  2305 | D:4      | Reached XP level 7. HP: 53/60 MP: 6/6
  2330 | D:4      | Noticed Edmund
  2344 | D:4      | Killed Edmund
  2412 | D:4      | Reached skill level 5 in Fighting
  2658 | D:4      | Noticed a hippogriff
  2667 | D:4      | Killed a hippogriff
  2817 | D:4      | Found a sparkling altar of Nemelex Xobeh.
  2898 | D:4      | Noticed Menkaure
  2905 | D:4      | HP: 1/61 [Menkaure (8)]
  2906 | D:4      | Killed Menkaure
  2906 | D:4      | Reached XP level 8. HP: 1/69 MP: 7/7
  3261 | D:4      | Found an ornate altar of the Wu Jian Council.
  3468 | D:5      | Entered Level 5 of the Dungeon
  3566 | D:5      | Noticed Pikel
  3611 | D:5      | Killed Pikel
  3611 | D:5      | Reached skill level 1 in Stealth
  3638 | D:5      | Found a staircase to the Ecumenical Temple.
  3644 | D:5      | Found an ancient bone altar of Kikubaaqudgha.
  3651 | Temple   | Entered the Ecumenical Temple
  4012 | D:5      | Found Naoll's Book Emporium.
  4133 | D:5      | Found a snail-covered altar of Cheibriados.
  4169 | D:5      | Noticed Gargoyl's ghost (amateur CeAK)
  4180 | D:5      | Found a transporter.
  4198 | D:5      | Found a transporter.
  4269 | D:5      | Found an opulent altar of Gozag.
  4485 | D:6      | Reached XP level 9. HP: 66/75 MP: 8/8
  4534 | D:6      | Found Reyxzy's Weapon Shoppe.
  4750 | D:6      | Noticed Blork the orc
  4766 | D:6      | Killed Blork the orc
  5127 | D:6      | Found a deep blue altar of Sif Muna.
  5327 | D:7      | Reached skill level 10 in Long Blades
  5340 | D:7      | Found an iron altar of Okawaru.
  5347 | D:7      | Became a worshipper of Warmaster Okawaru
  5645 | D:7      | Found a radiant altar of Vehumet.
  6558 | D:7      | Reached * piety under Okawaru
  6952 | D:8      | Reached XP level 10. HP: 75/86 MP: 9/9
  7074 | D:8      | Reached ** piety under Okawaru
  7232 | D:8      | Found a hide-covered altar of Uskayaw.
  7391 | D:8      | Found a staircase to the Lair.
  7828 | D:8      | Paralysed by a hornet for 2 turns
  7838 | D:8      | Reached skill level 10 in Armour
  7838 | D:8      | Reached skill level 10 in Shields
  8192 | D:8      | Noticed a two-headed ogre
  8197 | D:8      | Killed a two-headed ogre
  8197 | D:8      | Reached *** piety under Okawaru
  8563 | D:5      | Killed Gargoyl's ghost
  8824 | D:9      | Noticed a two-headed ogre
  8832 | D:9      | Killed a two-headed ogre
  8832 | D:9      | Received a gift from Okawaru
  8895 | D:9      | Reached XP level 11. HP: 42/94 MP: 10/10
  8952 | D:9      | Found a shattered altar of Ashenzari.
  9013 | D:9      | Reached **** piety under Okawaru
  9652 | D:9      | Noticed a two-headed ogre
  9658 | D:9      | Killed a two-headed ogre
  9778 | D:10     | Entered Level 10 of the Dungeon
 10026 | D:10     | Reached ***** piety under Okawaru
 10443 | D:10     | Killed an unseen horror
 10683 | D:10     | Killed an unseen horror
 11520 | D:11     | Found a staircase to the Orcish Mines.
 11534 | D:11     | Found a frozen archway.
 11575 | IceCv    | Entered an ice cave
 11583 | IceCv    | Received a gift from Okawaru
 11590 | IceCv    | Demolished by an alligator simulacrum

Skill      XL: |  1  2  3  4  5  6  7  8  9 10 11 |
---------------+----------------------------------+-----
Armour         | 4 5 6 7 9 10 12 | 12.0
Shields        | 4 5 6 7 9 10 12 | 12.5
Fighting       | 4 5 6 7 8 9 |  9.3
Long Blades    | 3 5 6 7 9 10 11 12 | 12.9
Dodging        | 1 2 |  2.7
Stealth        | 1 |  1.1
Invocations    | |  0.1

Action                   |  1- 3 |  4- 6 |  7- 9 | 10-12 || total
-------------------------+-------+-------+-------+-------++-------
Melee: Long sword        |   106 |   111 |   249 |       ||   466
       Headbutt          |    14 |    18 |    92 |   139 ||   263
       Falchion          |       |       |   155 |   526 ||   681
Invok: Heroism           |       |       |       |     1 ||     1
  Use: Potion            |       |     1 |       |     2 ||     3
       Scroll            |       |     5 |       |     8 ||    13
 Stab: Invisible         |       |     1 |       |       ||     1
  Eat: Chunk             |       |     5 |    11 |    10 ||    26
       Ration            |       |       |     1 |     2 ||     3
Armor: Scale mail        |    70 |    19 |       |       ||    89
       Plate armour      |       |    15 |   202 |   257 ||   474
       Chain mail        |       |     9 |       |       ||     9
Dodge: Dodged            |    50 |    28 |    63 |    91 ||   232
Block: Shield            |    72 |    57 |   206 |   307 ||   642
       Rpst.: Long sword |    16 |    11 |     9 |       ||    36
       Falchion          |       |       |     8 |    15 ||    23
